 Dungeon Crawl Stone Soup version 0.23.0-3-gf3c87f2df8 (webtiles) character file.

Game seed: 8393153530880800073

174 Cykl0x the Shield-Bearer (level 5, 0/46 HPs)
             Began as a Minotaur Fighter on Feb 22, 2019.
             Slain by Grinder (6 damage)
             ... on level 4 of the Dungeon.
             The game lasted 00:05:46 (1766 turns).

Cykl0x the Shield-Bearer (Minotaur Fighter)         Turns: 1766, Time: 00:05:47

Health: 0/46       AC:  7    Str: 21    XL:     5   Next: 28%
Magic:  13/13      EV:  8    Int:  5    God:
Gold:   134        SH:  9    Dex: 10    Spells: 4/4 levels left

rFire    + . .     SeeInvis .   a - +1 war axe
rCold    + . .     Gourm    .   c - +0 shield
rNeg     . . .     Faith    .   b - +0 scale mail
rPois    +         Spirit   .   (helmet restricted)
rElec    .         Reflect  .   m - scarf {rC+ rF+}
rCorr    .         Harm     .   (no gloves)
MR       .....                  (no boots)
Stlth    ..........             (no amulet)
HPRegen  0.15/turn              e - ring of poison resistance
MPRegen  0.13/turn              q - ring of magical power

@: no status effects
A: retaliatory headbutt, horns 2
a: no special abilities


You were on level 4 of the Dungeon.
You were not hungry.

You visited 1 branch of the dungeon, and saw 4 of its levels.

You collected 134 gold pieces.

Inventory:

Hand Weapons
 a - a +1 war axe (weapon)
 t - a +0 spear of pain
Missiles
 i - 48 stones (quivered)
Armour
 b - a +0 scale mail (worn)
 c - a +0 shield (worn)
 m - a scarf of resistance (worn)
Jewellery
 e - a ring of poison resistance (left hand)
 q - a ring of magical power (right hand)
 y - an uncursed ring of fire
Wands
 u - a wand of scattershot (7)
Scrolls
 h - 2 scrolls of teleportation
 j - a scroll of remove curse
 r - 2 scrolls of amnesia
 w - a scroll of identify
Potions
 d - a potion of might
 g - 2 potions of haste
 k - a potion of resistance
 l - a potion of flight
 n - a potion of curing
 o - a potion of heal wounds {unknown}
 p - a potion of magic {unknown}
 s - a potion of agility {unknown}
Comestibles
 f - 7 rations
 v - a chunk of flesh


   Skills:
 + Level 4.0 Fighting
 + Level 4.1 Axes
 * Level 1.6 Throwing
 + Level 4.2 Armour
 * Level 2.3 Dodging
 + Level 4.2 Shields


You had 4 spell levels left.
You didn't know any spells.
Your spell library was empty.

Dungeon Overview and Level Annotations

Branches:
Dungeon (4/15)
 Temple: D:4-7

Altars:
Gozag
Yredelemnul

Annotations:
D:4 Grinder


Innate Abilities, Weirdness & Mutations

You reflexively headbutt those who attack you in melee.
You have a pair of horns on your head.


Message History

You hit Grinder. You headbutt Grinder.
Grinder is heavily wounded.
Grinder hits you.
You writhe in agony.
Some of the chunks of flesh in your inventory have rotted away.
You closely miss Grinder.
Grinder is heavily wounded.
Grinder hits you.
You writhe in agony.
Grinder says, "There's only one good use for a tongue: cutting it out."
Grinder hits you!
* * * LOW HITPOINT WARNING * * *
Your shield and scale mail prevent you from hitting Grinder.
Grinder is heavily wounded.
Grinder gestures at you. You resist with significant effort.
You hit Grinder. Your headbutt misses Grinder.
Grinder is severely wounded.
You block Grinder's attack. Grinder hits you!
* * * LOW HITPOINT WARNING * * *
You writhe in agony.
You die...

####### #.....#
##.....# ......#
# #.....#
.##..##..(($#
.......@5#
.##.####.#
####.####### #.#
#.)........#
..<..#.##.#####.#
#....<..#
#....#### #.###
..


You could see Grinder.

Vanquished Creatures
  A centaur zombie (D:3)
  A worker ant (D:3)
  2 adders (D:2)
  2 oozes
  6 worms
  3 dart slugs (D:1)
  2 leopard geckos (D:3)
  An orc (D:3)
  A ball python (D:2)
  6 bats
  3 giant cockroaches
  2 gnoll zombies (D:2)
  7 goblins
  7 hobgoblins
  8 jackals
  8 kobolds
  3 frilled lizards
  4 rats
67 creatures vanquished.

Notes
Turn   | Place    | Note
-------+----------+-------------------------------------------
     0 | D:1      | Cykl0x the Minotaur Fighter began the quest for the Orb.
     0 | D:1      | Reached XP level 1. HP: 19/19 MP: 0/0
    72 | D:1      | Reached XP level 2. HP: 27/27 MP: 1/1
   329 | D:1      | Reached skill level 1 in Dodging
   419 | D:1      | Reached XP level 3. HP: 33/33 MP: 2/2
   483 | D:2      | Reached skill level 1 in Throwing
   519 | D:2      | Reached XP level 4. HP: 26/40 MP: 3/3
  1012 | D:2      | Found a basalt altar of Yredelemnul.
  1168 | D:3      | Reached XP level 5. HP: 30/46 MP: 4/4
  1247 | D:3      | Found an opulent altar of Gozag.
  1757 | D:4      | Noticed Grinder
  1766 | D:4      | Slain by Grinder

Skill      XL: |  1  2  3  4  5 |
---------------+----------------+-----
Dodging        | 1 2 |  2.3
Shields        | 4 |  4.2
Armour         | 4 |  4.2
Fighting       | 4 |  4.0
Axes           | 3 4 |  4.1
Throwing       | 1 |  1.6

Action                   |  1- 3 |  4- 6 || total
-------------------------+-------+-------++-------
Melee: War axe           |    56 |    59 ||   115
       Headbutt          |     7 |    11 ||    18
Throw: Stone             |    17 |    42 ||    59
  Use: Scroll            |     5 |     8 ||    13
  Eat: Chunk             |       |     3 ||     3
Armor: Scale mail        |    26 |    30 ||    56
Dodge: Dodged            |    21 |    19 ||    40
Block: Shield            |    38 |    28 ||    66
